 Dungeon Sprint DCSS version 0.30.1-4-g462c640d31 (webtiles) character file.

Game seed: 2758067805833427461

9479 Heoruswealwe the Wrestler (level 11, 0/123 HPs)
             Began as a Troll Berserker on Aug 16, 2023.
             Was the Champion of Trog.
             Engulfed by a cloud of steam (11 damage)
             ... in the Dungeon (Sprint I: "Red Sonja").
             The game lasted 00:22:24 (1345 turns).

Heoruswealwe the Wrestler (Troll Berserker)         Turns: 1345, Time: 00:22:25

Health: 0/123      AC:  8    Str: 31    XL:     11   Next: 23%
Magic:  10/10      EV: 13    Int:  3    God:    Trog [******]
Gold:   334        SH:  0    Dex:  9    Spells: 10/10 levels left

rFire   . .          .
                       - Unarmed
rCold   + . .        (no shield)
rNeg    . . .        j - +1 robe {rC+}
rPois   .            (helmet restricted)
rElec   .            r - +2 cloak {Will+}
rCorr   .            (gloves unavailable)
SInv    .            (boots unavailable)
Will    +....        (no amulet)
Stlth   +            (no ring)
HPRegen 1.20/turn    (no ring)
MPRegen 0.12/turn

%: no teleportation
@: on berserk cooldown, slowed, studying Unarmed Combat, very slow
A: large, unfitting armour, claws 3, regeneration 1, shaggy fur 1, tough skin 1
a: Renounce Religion, Berserk, Trog's Hand, Brothers in Arms


You were in the Dungeon.
You worshipped Trog.
Trog was exalted by your worship.
You visited 1 branch You collected 2552 gold pieces.
You spent 2218 gold pieces at shops.

Inventory:

Hand Weapons
 f - a +0 giant club
 i - a +2 great mace of flaming
 k - a +4 heavy glaive
 n - the +1 long sword of a bailey {flame, *Corrode rF+++ Int+2 Dex+3 Stlth+}
   (You found it in the Dungeon)

   Int:       It affects your intelligence (+2).
   Dex:       It affects your dexterity (+3).
   rF:        It renders you almost immune to fire.
   *Corrode:  It may corrode you when you take damage.
   Stlth:     It makes you more stealthy.
Armour
 j - a +1 robe of cold resistance (worn)
 r - a +2 cloak of willpower (worn)
Wands
 h - a wand of light (4)
Scrolls
 a - 2 scrolls of fear
 b - 4 scrolls of immolation
 c - 2 scrolls of magic mapping
 e - a scroll of butterflies
 g - 2 scrolls of blinking
 p - a scroll of enchant weapon
 s - a scroll of amnesia {unknown}
Potions
 d - a potion of attraction
 l - a potion of haste
 o - 2 potions of lignification {unknown}
 q - a potion of brilliance {unknown}
Miscellaneous
 m - a box of beasts


   Skills:
 + Level 12.2 Fighting
 + Level 12.2 Dodging
 * Level 21.4 Unarmed Combat


You had 10 spell levels left.
You didn't know any spells.
Your spell library was empty.

Dungeon Overview and Level Annotations

Branches:
Dungeon (1/1)

Altars:
Cheibriados
Dithmenos
Elyvilon
Fedhas
Gozag
Hepliaklqana
Kikubaaqudgha
Makhleb
Nemelex Xobeh
Okawaru
Qazlal
Ru
Sif Muna
Trog
Uskayaw
Vehumet
Wu Jian
Xom
Yredelemnul
Zin
The Shining One
Jiyva
Lugonu

Shops:
D [*[[[[?*:?((*[*


Innate Abilities, Weirdness & Mutations

You are too large for most types of armour.
You have claws for hands.
Your natural rate of healing is unusually fast.
You are covered in fur. (AC +1)
You have tough skin. (AC +1)


Message History

You kill the floating eye!
Trog accepts your kill.
You now have 226 gold pieces (gained 27).
You feel a strong urge to attack something.
You now have 253 gold pieces (gained 27).
The door flies open with a bang!
You are no longer berserk.
You are exhausted.
You feel yourself slow down.
There is an open door here.
You open the door.
Found 226 gold pieces.
Found 135 gold pieces.
You are engulfed in a cloud of scalding steam.
Found 162 gold pieces.
There is an open door here.
Found 54 gold pieces.
You are engulfed in a cloud of scalding steam.
You see here 27 gold pieces.
You are engulfed in a cloud of scalding steam.
You see here 27 gold pieces.
You are engulfed in a cloud of scalding steam.
You see here 27 gold pieces.
You are engulfed in a cloud of scalding steam.
You now have 280 gold pieces (gained 27).
You are engulfed in a cloud of scalding steam.
You are engulfed in a cloud of scalding steam.
You see here 27 gold pieces.
You are engulfed in a cloud of scalding steam.
You now have 307 gold pieces (gained 27).
You are engulfed in a cloud of scalding steam.
* * * LOW HITPOINT WARNING * * *
You are engulfed in a cloud of scalding steam.
* * * LOW HITPOINT WARNING * * *
You see here 27 gold pieces.
You are engulfed in a cloud of scalding steam.
* * * LOW HITPOINT WARNING * * *
You now have 334 gold pieces (gained 27).
You are engulfed in a cloud of scalding steam.
You die...

##################**********
...§..'..#..'$§§§#,,,,,,,,,*
§.§§§##..'..#§§§§##,,,,,,,,*
#.§§#######+#§§§@§#****,,,,*
###+#,,,**,,#§§§§§#,,,*,,,,*
*,*,**,,,*,,##§§§§#,∩,*,,,,*
***,,***,*,,~###+##,,,*,,,,*
,,**,*,*,*,,~,,*,****+*,,,,*
,,*,,***,*,,~,**+*,,,,**,,,*
+**,**,,,*,,~**,,,,,,,,**,,*
***,,*+***,,~*,,,,,,,,,,*,,*
,***,,,*,~,,**,,,,,,,,,,**,*


There were no monsters in sight!

Vanquished Creatures
  A hydra (D)
  2 centaur warriors (D)
  A deep troll (D)
  A lindwurm (D)
  An oklob plant (D)
  A gargoyle (D)
  4 demonic crawlers (D)
  2 unseen horrors (D)
  2 kobold demonologists (D)
  A hornet (D)
  A slime creature (D)
  Sigmund (D)
  13 hogs (D)
  A yak (D)
  2 redbacks (D)
  3 floating eyes (D)
  An ogre (D)
  7 necrophages (D)
  8 jellies (D)
  Ijyb (D)
54 creatures vanquished.

Notes
Turn   | Place    | Note
-------+----------+-------------------------------------------
     0 | D        | Heoruswealwe the Troll Berserker began the quest for the
                  | Orb.
     0 | D        | Reached XP level 1. HP: 22/22 MP: 0/0
     1 | D        | Noticed Ijyb
     6 | D        | Killed Ijyb
     7 | D        | Reached skill level 5 in Unarmed Combat
     7 | D        | Reached XP level 2. HP: 26/31 MP: 1/1
    11 | D        | Noticed an ogre
    14 | D        | Killed an ogre
    15 | D        | Reached skill level 7 in Unarmed Combat
    15 | D        | Reached XP level 3. HP: 40/40 MP: 2/2
    15 | D        | Reached XP level 4. HP: 49/49 MP: 3/3
    59 | D        | Noticed Sigmund
    62 | D        | Killed Sigmund
    62 | D        | Reached ** piety under Trog
    63 | D        | Reached skill level 5 in Fighting
    63 | D        | Reached skill level 5 in Dodging
    63 | D        | Reached skill level 9 in Unarmed Combat
    63 | D        | Reached XP level 5. HP: 56/59 MP: 4/4
    63 | D        | Reached XP level 6. HP: 63/67 MP: 5/5
    88 | D        | Found a burning altar of Makhleb.
    88 | D        | Found a viscous altar of Jiyva.
    88 | D        | Found a shimmering altar of Xom.
    88 | D        | Found a corrupted altar of Lugonu.
    88 | D        | Noticed a slime creature
    93 | D        | Killed a slime creature
    94 | D        | Reached skill level 10 in Unarmed Combat
   113 | D        | Found an ornate altar of the Wu Jian Council.
   113 | D        | Found a shimmering blue altar of Sif Muna.
   115 | D        | Found a radiant altar of Vehumet.
   145 | D        | Found Techoehi's Magic Scroll Emporium.
   145 | D        | Found an ancient bone altar of Kikubaaqudgha.
   145 | D        | Found a hazy altar of Hepliaklqana.
   145 | D        | Found a stormy altar of Qazlal.
   145 | D        | Found a hide-covered altar of Uskayaw.
   145 | D        | Found a blossoming altar of Fedhas.
   145 | D        | Found a bloodstained altar of Trog.
   145 | D        | Found an iron altar of Okawaru.
   145 | D        | Found a basalt altar of Yredelemnul.
   145 | D        | Found a glowing golden altar of the Shining One.
   145 | D        | Found a snail-covered altar of Cheibriados.
   145 | D        | Found a sacrificial altar of Ru.
   145 | D        | Found a glowing silver altar of Zin.
   145 | D        | Found a shadowy altar of Dithmenos.
   145 | D        | Found a white marble altar of Elyvilon.
   145 | D        | Noticed a yak
   147 | D        | Killed a yak
   147 | D        | Reached *** piety under Trog
   148 | D        | Reached skill level 11 in Unarmed Combat
   148 | D        | Reached XP level 7. HP: 78/78 MP: 6/6
   148 | D        | Found an opulent altar of Gozag.
   149 | D        | Found a sparkling altar of Nemelex Xobeh.
   153 | D        | Bought a scroll of magic mapping for 90 gold pieces
   173 | D        | Noticed a kobold demonologist
   174 | D        | Noticed a kobold demonologist
   175 | D        | Paralysed by a floating eye for 4 turns
   180 | D        | Noticed a soul eater
   183 | D        | Killed a kobold demonologist
   183 | D        | Paralysed by a floating eye for 2 turns
   184 | D        | Reached skill level 12 in Unarmed Combat
   191 | D        | Killed a kobold demonologist
   191 | D        | Reached **** piety under Trog
   192 | D        | Reached XP level 8. HP: 39/88 MP: 7/7
   193 | D        | Reached skill level 13 in Unarmed Combat
   249 | D        | Noticed a centaur warrior
   249 | D        | Noticed a centaur warrior
   270 | D        | Killed a centaur warrior
   271 | D        | Reached skill level 14 in Unarmed Combat
   283 | D        | Killed a centaur warrior
   284 | D        | Reached skill level 15 in Unarmed Combat
   284 | D        | Reached XP level 9. HP: 35/98 MP: 8/8
   386 | D        | Noticed a deep troll
   389 | D        | Killed a deep troll
   405 | D        | Found Besawuf's Armour Emporium.
   567 | D        | Paralysed by a hornet for 1 turns
   568 | D        | Reached ***** piety under Trog
   594 | D        | Noticed an oklob plant
   599 | D        | Killed an oklob plant
   600 | D        | Reached skill level 10 in Fighting
   600 | D        | Reached skill level 10 in Dodging
   600 | D        | Reached skill level 16 in Unarmed Combat
   765 | D        | Bought a scroll of fear for 48 gold pieces
   765 | D        | Bought a scroll of acquirement for 624 gold pieces
   767 | D        | Acquired 1013 gold pieces
   771 | D        | Bought a scroll of immolation for 48 gold pieces
   771 | D        | Bought a scroll of immolation for 48 gold pieces
   771 | D        | Bought a scroll of blinking for 90 gold pieces
   771 | D        | Bought a scroll of butterflies for 48 gold pieces
   823 | D        | Killed an unseen horror
   824 | D        | Reached XP level 10. HP: 87/111 MP: 9/9
   866 | D        | Reached skill level 17 in Unarmed Combat
   878 | D        | Received a gift from Trog
   901 | D        | Reached ****** piety under Trog
   905 | D        | Received a gift from Trog
   932 | D        | Identified the +1 long sword of a bailey {flame, *Corrode
                  | rF+++ Int+2 Dex+3 Stlth+}
   941 | D        | Found Roan's Assorted Antiques.
   941 | D        | Found Qilyasof's Armour Shop.
   941 | D        | Found Mothyrod's Armour Boutique.
   943 | D        | Found Aczuot's Armour Emporium.
   943 | D        | Found Pirph's Armour Shop.
   943 | D        | Found Qisun's Antique Armour Shoppe.
   943 | D        | Found Udasurisk's Magic Scroll Boutique.
   943 | D        | Found Coqaurph's General Store.
   943 | D        | Found Amyryph's Book Shop.
   943 | D        | Found Uste's Magic Scroll Shoppe.
   946 | D        | Bought a fizzy white potion for 21 gold pieces
   946 | D        | Bought a scroll labelled FYHORO ZEDEU for 24 gold pieces
   946 | D        | Bought a brown potion for 21 gold pieces
   946 | D        | Bought a fizzy white potion for 21 gold pieces
   947 | D        | Found Zairuor's Weapon Boutique.
   948 | D        | Found Ruolofad's Assorted Antiques.
   948 | D        | Found Qucloru's Antique Weapon Boutique.
   949 | D        | Bought a +2 cloak of willpower for 236 gold pieces
   949 | D        | Found Xasuta Odaa's Assorted Antiques.
   951 | D        | Bought a scroll of identify for 28 gold pieces
   951 | D        | Bought a scroll of identify for 28 gold pieces
   951 | D        | Bought a scroll of identify for 28 gold pieces
   960 | D        | Bought a scroll of acquirement for 624 gold pieces
   960 | D        | Bought a wand of digging (3) for 151 gold pieces
   962 | D        | Bought a scroll of fear for 40 gold pieces
   963 | D        | Acquired a manual of Unarmed Combat
  1063 | D        | Noticed a demonic crawler
  1063 | D        | Noticed a demonic crawler
  1063 | D        | Noticed a demonic crawler
  1063 | D        | Noticed a demonic crawler
  1077 | D        | Killed a demonic crawler
  1079 | D        | Killed a demonic crawler
  1079 | D        | Received a gift from Trog
  1080 | D        | Reached skill level 18 in Unarmed Combat
  1082 | D        | Killed a demonic crawler
  1087 | D        | Killed a demonic crawler
  1182 | D        | Noticed a lindwurm
  1188 | D        | Killed a lindwurm
  1189 | D        | Reached skill level 19 in Unarmed Combat
  1202 | D        | Noticed a gargoyle
  1211 | D        | Killed a gargoyle
  1279 | D        | Received a gift from Trog
  1281 | D        | Reached skill level 20 in Unarmed Combat
  1286 | D        | Reached XP level 11. HP: 123/123 MP: 10/10
  1301 | D        | Received a gift from Trog
  1314 | D        | Noticed a 12-headed hydra
  1319 | D        | Killed a 15-headed hydra
  1320 | D        | Reached skill level 21 in Unarmed Combat
  1320 | D        | Paralysed by a floating eye for 2 turns
  1345 | D        | Engulfed by a cloud of steam

Illustrated notes

Levels and vault maps discovered:
D:        dungeon_sprint_1 [red_sonja_temple_1, red_sonja_temple_small_1]

Skill      XL: |  1  2  3  4  5  6  7  8  9 10 11 |
---------------+----------------------------------+-----
Fighting       | 3 4 5 7 8 9 10 11 12 | 12.2
Dodging        | 3 4 5 7 8 9 10 11 12 | 12.2
Unarmed Combat | 5 7 9 11 12 15 16 20 21 | 21.4

Action                     |  1- 3 |  4- 6 |  7- 9 | 10-12 || total
---------------------------+-------+-------+-------+-------++-------
  Melee: Unarmed           |     6 |     9 |    42 |    85 ||   142
         Punch             |       |       |     6 |     7 ||    13
 Invoke: Berserk           |       |       |     2 |     2 ||     4
  Evoke: Wand              |       |       |     1 |     3 ||     4
    Use: Potion            |     1 |       |     3 |       ||     4
         Scroll            |       |       |     4 |     5 ||     9
   Stab: Invisible         |       |       |     1 |       ||     1
 Armour: Animal skin       |       |     1 |     7 |       ||     8
         Robe              |       |       |     1 |    26 ||    27
  Dodge: Dodged            |     2 |       |    15 |    41 ||    58
